 Dungeon Crawl Stone Soup version 0.22.1-1-ga44c0e56f4 (webtiles) character file.

1780 LLavrengius the Changer (level 9, -7/61 HPs)
             Began as an Octopode Transmuter on Nov 5, 2018.
             Was a Follower of Sif Muna.
             Mangled by an ice beast (14 damage)
             ... on level 6 of the Dungeon.
             The game lasted 00:23:18 (7017 turns).

LLavrengius the Changer (Octopode Transmuter)       Turns: 7017, Time: 00:23:19

Health: -7/61      AC:  1    Str:  9    XL:     9   Next: 8%
Magic:  15/15      EV: 13    Int: 19    God:    Sif Muna [*.....]
Gold:   290        SH:  3    Dex: 12    Spells: 6/16 levels left

rFire    . . .     SeeInvis .   e - +1 spear (venom)
rCold    . . .     Gourm    .   (no shield)
rNeg     . . .     Faith    .   (helmet restricted)
rPois    .         Spirit   .   s - +3 amulet of reflection
rElec    .         Reflect  +   m - ring of resist corrosion
rCorr    +         Harm     .   n - ring of protection from magic
MR       +....                  (no ring)
Stlth    ++........             (no ring)
HPRegen  0.20/turn              (no ring)
MPRegen  0.14/turn              (no ring)
                                (no ring)
                                (no ring)

@: no status effects
A: almost no armour, stealthy swim, amphibious, 8 rings, constrict 8, camouflage
1, gelatinous body 1
a: Divine Energy, Renounce Religion


You were on level 6 of the Dungeon.
You worshipped Sif Muna.
Sif Muna was aware of your devotion.
You were near starving.

You visited 1 branch of the dungeon, and saw 6 of its levels.

You collected 290 gold pieces.

Inventory:

Hand Weapons
 e - a +1 spear of venom (weapon)
 y - a -2 shortbow
Missiles
 a - 83 arrows
 i - 273 stones
 q - 8 poisoned javelins (quivered)
 D - 29 sling bullets
Jewellery
 m - a ring of resist corrosion (left tentacle)
 n - a ring of protection from magic (right tentacle)
 s - a +3 amulet of reflection (around mantle)
Wands
 x - a wand of iceblast (6)
 B - a wand of acid (8)
Scrolls
 b - 2 scrolls of identify
 d - 4 scrolls of remove curse
 g - 2 scrolls of amnesia
 h - 2 scrolls of enchant armour
 k - 2 scrolls of blinking
 o - 4 scrolls of teleportation
 t - a scroll of random uselessness {unknown}
 u - a scroll of fear
 w - 2 scrolls of enchant weapon
Potions
 f - 4 potions of curing
 j - a potion of degeneration
 l - 2 potions of flight
 p - 2 potions of mutation
 r - 2 potions of lignification
 v - a potion of berserk rage
 A - 3 potions of cancellation
 C - a potion of haste {unknown}
 E - a potion of invisibility {unknown}
Comestibles
 c - 12 rations


   Skills:
 - Level 5.0 Fighting
 - Level 2.0 Dodging
 - Level 3.1 Unarmed Combat
 + Level 4.3 Spellcasting
 * Level 7.3 Transmutations
 + Level 3.9 Ice Magic
 + Level 4.7 Poison Magic


You had 6 spell levels left.
You knew the following spells:

 Your Spells              Type           Power        Failure   Level  Hunger
a - Beastly Appendage     Tmut           ####..       1%          1    None
b - Sticks to Snakes      Tmut           ####....     1%          2    #......
c - Spider Form           Tmut/Pois      ####......   3%          3    ###....
d - Ice Form              Ice/Tmut       ####....     13%         4    ####...

Your spell library contained the following spells:

 Spells                   Type           Power        Failure   Level  Hunger
 Blade Hands              Tmut           ####......   19%         5    ######.


Dungeon Overview and Level Annotations

Branches:
Dungeon (6/15)
 Temple: D:4-7

Altars:
Cheibriados
Dithmenos
Elyvilon
Gozag
Nemelex Xobeh
Qazlal
Ru
Sif Muna
Uskayaw
Zin
The Shining One


Innate Abilities, Weirdness & Mutations

You cannot wear most types of armour.
You are very stealthy in the water. (Stealth+)
You are amphibious.
You can wear up to eight rings at the same time.
You can use your tentacles to constrict eight enemies at once.
Your skin changes colour to match your surroundings (Stealth+).
Your rubbery body absorbs attacks. (AC +1, EV +1)


Message History

You barely miss the ice beast.
The ice beast is lightly wounded.
The ice beast barely misses you.
You hit the ice beast but do no damage.
The ice beast is lightly wounded.
The ice beast hits you.
* * * LOW HITPOINT WARNING * * *
The ice beast freezes you!
* * * LOW HITPOINT WARNING * * *
The ice beast hits you but does no damage.
The ice beast looks more healthy.
You hit the ice beast. Your squeeze misses the ice beast.
The ice beast is severely wounded.
The ice beast barely misses you.
You hit the ice beast but do no damage. Your squeeze misses the ice beast.
The ice beast is severely wounded.
The ice beast hits you.
* * * LOW HITPOINT WARNING * * *
The ice beast freezes you!
You die...

#.# #.###########
#.#######.# ###
#.....[#..#######.##
#.##...............##
#.##.###.#####.>....#
#.##.# #.# #.......
#.##.###.## #......#
#.........####.....##
#.##@###.#...........
#.##Y# #.#.###..#####
#.##.###.#.###..#
#.##.##.........#####
#.##.##..............
#.##............#####
#...###.##......#
###.# #.##......# #.#
#.##......#


You could see an ice beast.

Vanquished Creatures
  Pikel (D:6)
  Sigmund (D:2)
  Edmund (D:5)
  An orc warrior (D:6)
  3 slaves (D:6)
  A centaur (D:5)
  2 ogres (D:4)
  A bullfrog (D:6)
  A wyvern skeleton (D:6)
  2 howler monkeys (D:4)
  A crimson imp (D:6)
  A bullfrog zombie (D:6)
  A hound (D:6)
  2 orc wizards (D:6)
  2 bullfrog skeletons
  A centaur skeleton (D:6)
  2 worker ants (D:5)
  7 gnolls
  A worker ant zombie (D:6)
  9 adders
  A worm (D:3)
  5 dart slugs
  3 leopard geckos
  An orc (D:6)
  7 bats
  9 giant cockroaches
  6 goblins
  6 hobgoblins
  8 jackals
  A quokka (D:3)
  A ball python (D:1)
  8 frilled lizards
  A giant cockroach zombie (D:6)
  2 jackal skeletons (D:4)
  5 kobolds
  A leopard gecko skeleton (D:6)
  A quokka skeleton (D:6)
  7 rats
114 creatures vanquished.

Vanquished Creatures (others)
  A slave (D:6)
  An orc (D:6)
2 creatures vanquished.

Grand Total: 116 creatures vanquished

Notes
Turn   | Place    | Note
-------+----------+-------------------------------------------
     0 | D:1      | LLavrengius the Octopode Transmuter began the quest for the
                  | Orb.
     0 | D:1      | Reached XP level 1. HP: 13/13 MP: 3/3
   161 | D:1      | Reached XP level 2. HP: 18/18 MP: 5/5
   484 | D:1      | Reached XP level 3. HP: 21/23 MP: 6/6
   488 | D:1      | Reached skill level 3 in Transmutations
  1185 | D:2      | Reached XP level 4. HP: 29/29 MP: 7/7
  1267 | D:2      | Found a white marble altar of Elyvilon.
  1622 | D:2      | Reached skill level 4 in Transmutations
  1859 | D:2      | Noticed Sigmund
  1869 | D:2      | Killed Sigmund
  1869 | D:2      | Reached skill level 5 in Transmutations
  1869 | D:2      | Reached XP level 5. HP: 26/36 MP: 8/8
  1869 | D:2      | Reached XP level 6. HP: 31/42 MP: 9/9
  1949 | D:2      | Learned a level 2 spell: Sticks to Snakes
  1953 | D:2      | Learned a level 3 spell: Spider Form
  2202 | D:3      | Found a snail-covered altar of Cheibriados.
  3514 | D:4      | Reached skill level 6 in Transmutations
  3514 | D:4      | Reached XP level 7. HP: 48/48 MP: 10/10
  4124 | D:5      | Entered Level 5 of the Dungeon
  4179 | D:5      | Found a deep blue altar of Sif Muna.
  4179 | D:5      | Found a glowing golden altar of the Shining One.
  4276 | D:5      | Became a worshipper of Sif Muna the Loreminder
  4282 | D:5      | Learned a level 4 spell: Ice Form
  4397 | D:5      | You fall through a shaft!
  4590 | D:6      | Reached skill level 7 in Transmutations
  4590 | D:6      | Reached skill level 1 in Poison Magic
  4668 | D:6      | Noticed Pikel
  4708 | D:5      | Reached skill level 1 in Ice Magic
  4790 | D:5      | Found a glowing silver altar of Zin.
  4792 | D:5      | Found a sparkling altar of Nemelex Xobeh.
  4797 | D:5      | Found a sacrificial altar of Ru.
  4799 | D:5      | Found a hide-covered altar of Uskayaw.
  4799 | D:5      | Found an opulent altar of Gozag.
  4799 | D:5      | Found a stormy altar of Qazlal.
  4800 | D:5      | Found a shadowy altar of Dithmenos.
  4879 | D:5      | Noticed Edmund
  4911 | D:5      | Killed Edmund
  4911 | D:5      | Reached XP level 8. HP: 29/54 MP: 9/11
  5283 | D:6      | Reached skill level 5 in Fighting
  6223 | D:6      | Killed Pikel
  6223 | D:6      | Reached * piety under Sif Muna
  6487 | D:6      | Reached XP level 9. HP: 12/61 MP: 11/15
  7017 | D:6      | Mangled by an ice beast

Skill      XL: |  1  2  3  4  5  6  7  8 |
---------------+-------------------------+-----
Transmutations | 3 5 6 7 |  7.3
Fighting       | 2 3 4 5 |  5.0
Poison Magic   | 1 4 |  4.7
Ice Magic      | 1 3 |  3.9
Spellcasting   | 4 |  4.3
Dodging        | |  2.0
Unarmed Combat | |  3.1

Action                   |  1- 3 |  4- 6 |  7- 9 || total
-------------------------+-------+-------+-------++-------
Melee: Unarmed           |    12 |       |    29 ||    41
       Constrict         |    18 |    21 |    23 ||    62
       Tentacles         |     8 |    14 |    22 ||    44
       Spear             |    51 |   110 |   129 ||   290
       Punch             |     2 |     2 |     2 ||     6
Throw: Javelin           |       |     2 |     5 ||     7
 Cast: Spider Form       |       |       |     3 ||     3
Evoke: Wand              |       |       |     1 ||     1
  Use: Scroll            |       |     6 |    11 ||    17
       Potion            |       |       |     1 ||     1
 Stab: Sleeping          |     7 |    12 |     4 ||    23
  Eat: Chunk             |     1 |     6 |     4 ||    11
       Ration            |       |       |     2 ||     2
Armor: Skin              |     5 |     6 |    10 ||    21
Dodge: Dodged            |    33 |    40 |    79 ||   152
Block: Other             |       |       |    10 ||    10
